 Dungeon Crawl Stone Soup version 0.29.1-2-gbd0b4ee654 (webtiles) character file.

Game seed: 1587029143476801943

69149 llahlahkje the Basher (level 14, -2/119 (121) HPs)
             Began as a Demonspawn Fighter on Nov 21, 2022.
             Was a Plaything of Xom.
             Slain by a profane servitor
             ... wielding a +1 whip of pain
              (18 damage)
             ... on level 3 of the Abyss.
             The game lasted 01:35:49 (14611 turns).

llahlahkje the Basher (Demonspawn Fighter)         Turns: 14611, Time: 01:35:50

HP:   -2/119 (121)  AC: 25    Str: 26 (27) XL:     14   Next: 89%
MP:   14/14         EV:  8    Int:  1 (4)  God:    Xom [....*.]
Gold: 2472          SH:  0    Dex:  8 (9)  Spells: 13/13 levels left

rFire   + . .      SeeInvis .   h - +8 dire flail (freeze)
rCold   + + .      Faith    .   (shield currently unavailable)
rNeg    + . .      Spirit   .   u - +1 plate armour
rPois   +          Reflect  .   (helmet restricted)
rElec   +          Harm     .   e - +2 cloak
rCorr   +          Rampage  .   j - +0 pair of gloves of Peoxedue {rN+ Regen+ rCorr Slay+2}
Will    +....      Clarity  +   n - +0 pair of boots
Stlth   ..........              Q - amulet of regeneration
HPRegen 0.00/turn               y - +4 ring of protection
MPRegen 0.14/turn               f - ring of ice

@: resistant, inhibited regen, wreathed by umbra, lightly drained, invisible
A: antennae 2, thin metallic scales 1, ignite blood 3, powered by death 2,
hooves 1, clarity, clumsy 1, deformed body, deterioration 2, fire resistance 1,
mutation resistance 1, sense surroundings 1, screaming 1, strong 1, no potion
heal 1, [dopey 2], [inhibited regeneration]
a: Renounce Religion


You were on level 3 of the Abyss.
You worshipped Xom.
You were a beloved toy of Xom.
You visited 3 branches of the dungeon, and saw 21 of its levels.
You visited the Abyss 1 time.
You also visited: Sewer and Ossuary.

You collected 2472 gold pieces.

Inventory:

Hand Weapons
 h - a +8 dire flail of freezing (weapon)
 o - the +0 quarterstaff of the Vulture {vamp, rF+ rN+ Int+2 Dex-4}
   (You found it on level 11 of the Dungeon)

   It occasionally heals its wielder for a portion of the damage dealt when it
   wounds a living foe.
   Int:       It affects your intelligence (+2).
   Dex:       It affects your dexterity (-4).
   rF:        It protects you from fire.
   rN:        It protects you from negative energy.
Missiles
 g - 111 stones (quivered)
 l - a throwing net
 s - 4 poisoned darts
Armour
 e - a +2 cloak (worn)
 j - the +0 pair of gloves of Peoxedue (worn) {rN+ Regen+ rCorr Slay+2}
   (You acquired it on level 1 of the Dungeon)

   Slay:      It affects your accuracy & damage with ranged weapons and melee
   (+2).
   rN:        It protects you from negative energy.
   Regen:     It increases your rate of health regeneration.
   rCorr:     It protects you from acid and corrosion.
 n - a +0 pair of boots (worn)
 u - a +1 plate armour (worn)
Jewellery
 f - a ring of ice (right hand)
 q - a ring of ice
 y - a +4 ring of protection (left hand)
 z - a ring of fire
 N - an amulet of the acrobat
 Q - an amulet of regeneration (around neck)
Wands
 c - a wand of mindburst (12)
 d - a wand of charming (4)
 m - a wand of polymorph (2)
 v - a wand of digging (6)
 F - a wand of light (4)
 I - a wand of flame (14)
 M - a wand of roots (9)
Scrolls
 a - 4 scrolls of poison
 t - 2 scrolls of blinking
 w - 10 scrolls of identify
 D - 3 scrolls of magic mapping
 G - 2 scrolls of amnesia
Potions
 p - a potion of invisibility
 r - a potion of magic
 A - 4 potions of brilliance
 B - 2 potions of cancellation
 C - a potion of heal wounds
 E - 4 potions of curing
 K - 2 potions of lignification
 O - a potion of resistance
Miscellaneous
 i - a lightning rod (4/4)


   Skills:
 * Level 14.7 Fighting
 - Level 3.7(10.4) Axes
 * Level 14.8(15.0) Maces & Flails
 - Level 1.8(3.0) Polearms
 - Level 0.1 Throwing
 * Level 14.0 Armour
 - Level 1.0 Stealth
 - Level 3.4 Shields
 - Level 1.3 Evocations


You had 13 spell levels left.
You didn't know any spells.
Your spell library contained the following spells:

 Spells                   Type           Power      Damage    Failure   Level
 Apportation              Tloc           0%         N/A       99%         1
 Necrotise                Necr           0%         1d4       99%         1
 Summon Small Mammal      Summ           0%         N/A       99%         1
 Ensorcelled Hibernation  Hex/Ice        0%         N/A       100%        2
 Passwall                 Tmut/Erth      0%         N/A       100%        2
 Sublimation of Blood     Necr           0%         N/A       100%        2
 Wereblood                Tmut           0%         N/A       100%        2
 Ignite Poison            Fire/Tmut/Pois 0%         N/A       100%        3
 Mephitic Cloud           Conj/Pois/Air  0%         N/A       100%        3
 Portal Projectile        Hex/Tloc       0%         N/A       100%        3
 Spider Form              Tmut/Pois      0%         N/A       100%        3
 Swiftness                Air            0%         N/A       100%        3
 Tukima's Dance           Hex            0%         N/A       100%        3
 Anguish                  Hex/Necr       0%         N/A       100%        4
 Blade Hands              Tmut           0%         N/A       100%        5
 Freezing Cloud           Conj/Ice/Air   0%         6-21      100%        5
 Summon Hydra             Summ           0%         N/A       100%        7


Dungeon Overview and Level Annotations

Branches:
Dungeon (15/15)            Temple (1/1) D:7            Lair (5/5) D:9
  Swamp (0/4) Lair:3        Snake (0/4) Lair:3          Orc (0/2) D:12
 Vaults (0/5) D:14          Sewer (visited)         Ossuary (visited)
  Slime: Lair:4-5    Depths: D:15

Altars:
Cheibriados
Fedhas
Hepliaklqana
Makhleb
Nemelex Xobeh
Qazlal
Ru
Trog
Uskayaw
Wu Jian
Xom
Yredelemnul

Shops:
D:5 !((*[   D:12 (


Innate Abilities, Weirdness & Mutations

You have a pair of antennae on your head.
You are partially covered in thin metallic scales. (AC +2)
Your demonic aura causes all spilled blood to erupt in flames.
You regenerate health from kills.
You have large cloven feet.
You possess an exceptional clarity of mind.
You are clumsy. (Dex -2)
Armour fits poorly on your strangely shaped body.
Your body often deteriorates upon taking damage.
Your flesh is heat resistant. (rF+)
You are somewhat resistant to further mutation.
You passively map a small area around you.
You occasionally shout uncontrollably at your foes.
Your muscles are strong. (Str +4, Int/Dex -1)
Potions are less effective at restoring your health.
[You are very dopey. (Int -4)]
[You do not regenerate when monsters are visible.]


Message History

The deep elf elementalist returns to its original shape as it dies.
You impale the wretched star!!
The wretched star is moderately damaged.
You bludgeon the profane servitor!!
The profane servitor is lightly damaged.
You puncture the profane servitor! You freeze the profane servitor.
The profane servitor is moderately damaged.
The profane servitor hits you but does no damage.
You writhe in agony.
The profane servitor hits you with a +1 whip of pain!
You partially resist.
You feel drained.
You writhe in agony.
The wretched star pulses with an eldritch light!
You feel stupid. x2
You puncture the profane servitor! You freeze the profane servitor.
The profane servitor is moderately damaged.
The profane servitor is engulfed in blazing flames.
The profane servitor hits you with a +1 whip of pain.
You writhe in agony.
The profane servitor barely misses you.
The profane servitor is engulfed in blazing flames.
The profane servitor hits you with a +1 whip of pain.
The profane servitor draws strength from your injuries!
You writhe in agony.
The profane servitor hits you but does no damage.
The profane servitor hits you but does no damage.
You writhe in agony.
* * * LOW HITPOINT WARNING * * *
The profane servitor barely misses you.
The profane servitor hits you with a +1 whip of pain!
* * * LOW HITPOINT WARNING * * *
The profane servitor draws strength from your injuries!
You writhe in agony.
* * * LOW HITPOINT WARNING * * *
The profane servitor hits you with a +1 whip of pain.
* * * LOW HITPOINT WARNING * * *
You writhe in agony.
* * * LOW HITPOINT WARNING * * *
The profane servitor attacks as you move away!
The profane servitor hits you with a +1 whip of pain!!
You die...
Xom is highly amused!

# . . # . . . #.#
.# .#..# #.. #.#
##### #.##.. . ..
##.##.. # ## # #.#
#.. ###.######*.#
A. .#
........@A#.#....#
###.#######..* #
##.#..... ## .###
. # . .


You could see a profane servitor and a wretched star.

Vanquished Creatures
  2 tentacled starspawn (Abyss:3)
  Frances (D:14)
  Gastronok (Lair:3)
  An emperor scorpion (Abyss:3)
  Snorg (D:10)
  4 vault guards (D:14)
  Fannar (Lair:3)
  2 boulder beetles
  3 catoblepae (Lair:5)
  6 hydras
  A centaur warrior (D:14)
  13 death yaks
  A two-headed ogre (D:8)
  Sonja (D:13)
  A wretched star (Abyss:3)
  5 skeletal warriors (D:13)
  A wizard (D:14)
  A large abomination (Abyss:3)
  An ugly thing (D:12)
  4 manticores
  A cyclops (D:11)
  A smoke demon (Abyss:3)
  4 elephants (Lair:5)
  5 black mambas
  A torpor snail (Lair:1)
  2 gargoyles
  10 cane toads
  2 unseen horrors
  8 komodo dragons
  An ancient zyme (Abyss:3)
  A troll (shapeshifter) (D:14)
  A polar bear (Lair:1)
  A meliai (shapeshifter) (D:13)
  A queen bee (D:9)
  3 trolls
  2 hornets
  3 raiju
  12 blink frogs
  3 slime creatures (D:12)
  A spriggan (Lair:3)
  51 yaks
  4 shadows
  A water elemental (D:14)
  5 wraiths
  3 basilisks
  5 wyverns
  8 humans (D:14)
  A basilisk (shapeshifter) (Lair:2)
  3 steam dragons (D:8)
  A chaos spawn (Abyss:3)
  6 vampire mosquitoes
  Edmund (D:4)
  5 acid dragons
  An acid dragon (shapeshifter) (D:14)
  17 water moccasins
  5 orc warriors
  An ice beast (D:8)
  4 sky beasts (D:8)
  2 ogres (D:5)
  4 black bears
  10 wolves
  13 centaurs
  A phantom (D:5)
  3 kobold brigands
  Blork the orc (D:6)
  13 bullfrogs
  A gnoll sergeant (D:8)
  2 scorpions
  5 wights (D:8)
  23 killer bees
  2 howler monkeys
  3 centaur zombies (Ossuary)
  2 hounds
  7 orc priests
  2 jellies
  A gnoll bouda (D:10)
  3 iguanas
  A merfolk siren (Sewer)
  10 orc wizards
  4 hell rats (Lair:1)
  A merfolk avatar (Sewer)
  2 ogre zombies (Ossuary)
  8 mummies
  7 gnolls
  11 adders
  4 river rats
  A shadow imp (D:8)
  A white imp (D:5)
  2 ufetubi
  2 adder zombies (Ossuary)
  2 worms (D:2)
  2 dart slugs
  25 orcs
  8 ball pythons
  5 endoplasms
  11 giant cockroaches
  7 goblins
  4 hobgoblins
  A jackal (D:1)
  3 quokkas
  8 bats
  8 frilled lizards
  A gnoll zombie (Ossuary)
  6 goblin zombies (Ossuary)
  5 hobgoblin zombies
  20 kobolds
  3 kobold zombies (Ossuary)
  An orc zombie (D:8)
  3 quokka zombies (Ossuary)
  31 rats
  6 rat zombies (Ossuary)
  A bush (Lair:1)
  A starspawn tentacle (Abyss:3)
550 creatures vanquished.

Vanquished Creatures (collateral kills)
  A raiju (D:9)
  A yak (Lair:5)
  An orc wizard (D:5)
  3 orcs (D:5)
6 creatures vanquished.

Vanquished Creatures (others)
  A dancing weapon (D:14)
  A death yak (Lair:5)
  A hornet (D:8)
  A blink frog (Lair:5)
  A vampire mosquito (D:11)
  20 fungi
  41 plants
  6 starspawn tentacles (Abyss:3)
72 creatures vanquished.

Grand Total: 628 creatures vanquished

Notes
Turn   | Place    | Note
-------+----------+-------------------------------------------
     0 | D:1      | llahlahkje the Demonspawn Fighter began the quest for the
                  | Orb.
     0 | D:1      | Reached XP level 1. HP: 18/18 MP: 1/1
   549 | D:1      | Gained mutation: You are partially covered in thin metallic
                  | scales. (AC +2) [demonic ancestry]
   549 | D:1      | Reached XP level 2. HP: 24/24 MP: 2/2
   916 | D:1      | Identified a scroll of acquirement
   916 | D:1      | Acquired the +0 pair of gloves of Peoxedue {rN+ Regen+
                  | rCorr Slay+2}
   998 | D:2      | Reached XP level 3. HP: 21/29 MP: 3/3
  1003 | D:2      | Reached skill level 1 in Axes
  1003 | D:2      | Reached skill level 1 in Stealth
  1075 | D:2      | Gained mutation: Your demonic aura sometimes causes spilled
                  | blood to erupt in flames. [demonic ancestry]
  1075 | D:2      | Reached XP level 4. HP: 26/35 MP: 4/4
  1456 | D:2      | Found a shimmering altar of Xom.
  1473 | D:2      | Became a worshipper of Xom of Chaos
  1566 | D:3      | XOM: divination: detect creatures
  1759 | D:3      | XOM is BORED!
  1759 | D:3      | XOM: 7-stop teleportation journey
  1764 | D:3      | XOM: noise
  1815 | D:3      | Gained mutation: You possess an exceptional clarity of
                  | mind. [potion of mutation]
  1815 | D:3      | Gained mutation: Your body sometimes deteriorates upon
                  | taking damage. [potion of mutation]
  1815 | D:3      | Gained mutation: Your flesh is heat resistant. (rF+)
                  | [potion of mutation]
  2048 | D:3      | XOM: noise
  2140 | D:4      | Noticed a scorpion
  2146 | D:4      | Killed a scorpion
  2147 | D:4      | Reached XP level 5. HP: 41/41 MP: 5/5
  2203 | D:4      | Noticed Edmund
  2224 | D:4      | Killed Edmund
  2225 | D:4      | Gained mutation: Your demonic aura often causes spilled
                  | blood to erupt in flames. [demonic ancestry]
  2225 | D:4      | Reached XP level 6. HP: 25/47 MP: 6/6
  2446 | D:4      | Found a snail-covered altar of Cheibriados.
  2447 | D:4      | Found a hazy altar of Hepliaklqana.
  2496 | D:4      | XOM: god gift: scroll labelled KOCUTO ZUUBUTZ {god gift}
  2686 | D:5      | Entered Level 5 of the Dungeon
  2689 | D:5      | XOM: divination: detect items
  2710 | D:5      | Reached skill level 1 in Maces & Flails
  2721 | D:5      | Found Juamerut's Distillery.
  2723 | D:5      | Reached XP level 7. HP: 32/52 MP: 7/7
  2782 | D:5      | XOM: silly message
  2784 | D:5      | XOM: cast spell 'Summon Mana Viper'
  2992 | D:5      | Found Fet Deeg's General Store.
  3033 | D:5      | Found Nenk's Antique Armour Shop.
  3213 | D:5      | Found Kekk's Weapon Boutique.
  3235 | D:5      | Found a glowing drain.
  3260 | Sewer    | Entered a sewer
  3641 | D:5      | Found Igaon's Weapon Boutique.
  3709 | D:5      | Reached skill level 5 in Armour
  3867 | D:3      | XOM is BORED!
  4068 | D:5      | XOM: give mutations
  4068 | D:5      | Gained mutation: Your flesh is cold resistant. (rC+) [Xom's
                  | grace]
  4068 | D:5      | Gained mutation: You have large cloven feet. [Xom's grace]
  4281 | D:6      | XOM: noise
  4302 | D:6      | XOM: divination: magic mapping
  4323 | D:6      | XOM: summons 3 friendly demons
  4325 | D:6      | XOM: fake destruction
  4340 | D:6      | Gained mutation: Your demonic aura causes all spilled blood
                  | to erupt in flames. [demonic ancestry]
  4340 | D:6      | Reached XP level 8. HP: 59/60 MP: 8/8
  4350 | D:6      | XOM: 1-stop teleportation journey
  4601 | D:6      | Reached skill level 5 in Maces & Flails
  4661 | D:6      | Noticed Blork the orc
  4667 | D:6      | Found a basalt altar of Yredelemnul.
  4669 | D:6      | Killed Blork the orc
  4953 | D:7      | XOM: give mutations
  4953 | D:7      | Gained mutation: Your system is resistant to poisons.
                  | (rPois) [Xom's grace]
  4953 | D:7      | Gained mutation: You have a pair of small horns on your
                  | head. [Xom's grace]
  4953 | D:7      | Gained mutation: You have hidden genetic potential. [Xom's
                  | grace]
  4953 | D:7      | Lost mutation: You have large cloven feet. [Xom's grace]
  4953 | D:7      | Gained mutation: You have sharp toenails. [Xom's grace]
  4972 | D:7      | Found a sacrificial altar of Ru.
  4988 | D:7      | XOM: cleaving
  5011 | D:7      | Found a staircase to the Ecumenical Temple.
  5011 | D:7      | XOM: 3-stop teleportation journey
  5014 | Temple   | Entered the Ecumenical Temple
  5305 | D:7      | XOM: summons friendly quasit
  5314 | D:7      | Reached skill level 5 in Fighting
  5425 | D:7      | XOM: 1-stop teleportation journey
  5430 | D:7      | XOM: 4-stop teleportation journey
  5493 | D:7      | XOM: polymorph quasit -> crimson imp
  5735 | D:7      | XOM: 2-stop teleportation journey
  5776 | D:8      | Reached XP level 9. HP: 68/68 MP: 9/9
  6082 | D:8      | Found a sand-covered staircase.
  6088 | Ossuary  | Entered an ossuary
  6329 | Ossuary  | Gained mutation: You have great hidden genetic potential.
                  | [hidden potential]
  6561 | D:8      | Eat my own dump.
  6597 | D:8      | XOM: give mutations
  6597 | D:8      | Lost mutation: You have a pair of small horns on your head.
                  | [Xom's mischief]
  6597 | D:8      | Gained mutation: Your body often deteriorates upon taking
                  | damage. [Xom's mischief]
  6597 | D:8      | Lost mutation: Your flesh is cold resistant. (rC+) [Xom's
                  | mischief]
  6709 | D:8      | XOM: scenery: create altars
  6984 | D:8      | XOM: noise
  7010 | D:8      | Noticed a two-headed ogre
  7011 | D:8      | Noticed a seven-headed hydra
  7018 | D:8      | Killed a seven-headed hydra
  7020 | D:8      | XOM: cast spell 'Olgreb's Toxic Radiance'
  7020 | D:8      | Killed a two-headed ogre
  7021 | D:8      | Reached XP level 10. HP: 52/79 MP: 10/10
  7026 | D:8      | Gained mutation: You expend magic power (3 MP) to
                  | strengthen your wands. [hidden potential]
  7026 | D:8      | Lost mutation: You have great hidden genetic potential.
                  | [hidden potential expressed]
  7271 | D:8      | XOM: noise
  7308 | D:8      | XOM: divination: detect items
  7614 | D:9      | XOM: polymorph yak -> raiju
  7615 | D:9      | XOM: summons 10 friendly demons
  7654 | D:9      | Reached skill level 10 in Maces & Flails
  7762 | D:9      | XOM: confuse monster(s)
  7773 | D:9      | Reached XP level 11. HP: 52/89 MP: 11/11
  7830 | D:9      | Gained mutation: You are strong-willed. (Will+) [hidden
                  | potential]
  7901 | D:9      | Found a burning altar of Makhleb.
  7901 | D:9      | Noticed a blizzard demon
  8217 | D:9      | Found a staircase to the Lair.
  8243 | Lair:1   | XOM: noise
  8243 | Lair:1   | Entered Level 1 of the Lair of Beasts
  8268 | Lair:1   | XOM: enchant monster (good)
  8313 | Lair:1   | XOM: 1-stop teleportation journey
  8480 | Lair:1   | Reached skill level 10 in Fighting
  8541 | Lair:1   | XOM: fake destruction
  8593 | Lair:1   | XOM: give mutations
  8593 | Lair:1   | Lost mutation: You have sharp toenails. [Xom's mischief]
  8593 | Lair:1   | Gained mutation: You passively map a small area around you.
                  | [Xom's mischief]
  8607 | Lair:1   | Noticed a six-headed hydra
  8618 | Lair:1   | Killed a six-headed hydra
  8663 | Lair:1   | Noticed a boulder beetle
  8676 | Lair:1   | Killed a boulder beetle
  8685 | Lair:1   | XOM: polymorph komodo dragon -> manticore
  8701 | Lair:1   | XOM: summons 6 hostile demons
  8914 | Lair:2   | XOM: polymorph water moccasin -> shapeshifter
  8931 | Lair:2   | XOM: give mutations
  8931 | Lair:2   | Gained mutation: You are clumsy. (Dex -2) [Xom's mischief]
  8931 | Lair:2   | Lost mutation: You have hidden genetic potential. [Xom's
                  | mischief]
  8931 | Lair:2   | Gained mutation: You occasionally shout uncontrollably at
                  | your foes. [Xom's mischief]
  8964 | Lair:2   | XOM: give mutations
  8964 | Lair:2   | Lost mutation: You are strong-willed. (Will+) [Xom's
                  | mischief]
  8964 | Lair:2   | Gained mutation: You are frail. (-10% HP) [Xom's mischief]
  8983 | Lair:2   | Gained mutation: You have a pair of small antennae on your
                  | head. [demonic ancestry]
  8983 | Lair:2   | Reached XP level 12. HP: 85/89 MP: 12/12
  9001 | Lair:2   | XOM: 1-stop teleportation journey
  9023 | Lair:2   | XOM: blink monster(s)
  9035 | Lair:2   | XOM: summons friendly white imp
  9050 | Lair:2   | XOM: polymorph blink frog -> acid dragon
  9256 | Lair:2   | Noticed a five-headed hydra
  9258 | Lair:2   | XOM: scenery: create altars
  9259 | Lair:2   | Killed a five-headed hydra
  9320 | Lair:2   | XOM: god gift: stone
  9413 | Lair:2   | XOM: give mutations
  9413 | Lair:2   | Lost mutation: You expend magic power (3 MP) to strengthen
                  | your wands. [Xom's mischief]
  9413 | Lair:2   | Gained mutation: Armour fits poorly on your strangely
                  | shaped body. [Xom's mischief]
  9485 | Lair:3   | Found a staircase to the Swamp.
  9556 | Lair:3   | XOM: 1-stop teleportation journey
  9560 | Lair:3   | Noticed Fannar
  9587 | Lair:3   | Noticed a seven-headed hydra
  9592 | Lair:3   | XOM: scenery: summon butterflies
  9596 | Lair:3   | Noticed Gastronok
  9598 | Lair:3   | Noticed a boulder beetle
  9600 | Lair:3   | Reached skill level 10 in Armour
  9608 | Lair:3   | XOM: polymorph water moccasin -> acid dragon
  9620 | Lair:3   | XOM: divination: detect creatures
  9636 | Lair:3   | HP: 1/90 [seven-headed hydra (5)]
  9637 | Lair:3   | Killed a boulder beetle
  9639 | Lair:3   | Killed a seven-headed hydra
  9653 | Lair:3   | XOM: summons friendly ufetubus
  9657 | Lair:3   | XOM: fog
  9658 | Lair:3   | Killed Gastronok
  9664 | Lair:3   | Lost mutation: You passively map a small area around you.
                  | [potion of mutation]
  9664 | Lair:3   | Lost mutation: Your system is resistant to poisons. (rPois)
                  | [potion of mutation]
  9664 | Lair:3   | Lost mutation: You are frail. (-10% HP) [potion of
                  | mutation]
  9664 | Lair:3   | Gained mutation: You passively map a small area around you.
                  | [potion of mutation]
  9664 | Lair:3   | Gained mutation: Potions are less effective at restoring
                  | your health. [potion of mutation]
  9664 | Lair:3   | Gained mutation: You are somewhat resistant to further
                  | mutation. [potion of mutation]
  9700 | Lair:3   | Found a staircase to the Snake Pit.
  9700 | Lair:3   | XOM: 4-stop teleportation journey
  9711 | Lair:3   | XOM: potion effect (brilliance)
  9714 | Lair:3   | XOM: silly message
  9720 | Lair:3   | Killed Fannar
  9771 | Lair:3   | XOM: enchant monster (bad)
  9908 | Lair:3   | Noticed an eight-headed hydra
  9912 | Lair:3   | XOM: summons friendly crimson imp
  9913 | Lair:3   | Killed an eight-headed hydra
  9918 | Lair:3   | Gained mutation: You regenerate a little health from kills.
                  | [demonic ancestry]
  9918 | Lair:3   | Reached XP level 13. HP: 43/108 MP: 13/13
 10005 | Lair:3   | XOM: polymorph crimson imp -> white imp
 10110 | Lair:4   | XOM: summons 4 hostile shadow creatures
 10211 | Lair:4   | XOM: polymorph water moccasin -> something unseen
 10282 | Lair:4   | XOM: divination: magic mapping
 10287 | Lair:4   | XOM: summons friendly quasit
 10289 | Lair:4   | XOM: confuse monster(s)
 10302 | Lair:4   | XOM: stat loss: -1 Str (22/23)
 10413 | Lair:5   | Entered Level 5 of the Lair of Beasts
 10428 | Lair:5   | Identified the +3 leather armour of Boredom {rN+}
 10434 | Lair:5   | XOM: summons 2 hostile demons
 10435 | Lair:5   | XOM: summons 5 hostile demons
 10439 | Lair:5   | XOM: scenery: create altars
 10445 | Lair:5   | XOM: confuse monster(s)
 10457 | Lair:5   | XOM: summons 2 friendly demons
 10473 | Lair:5   | XOM: enchant monster (good)
 10560 | Lair:5   | XOM: cast spell 'Chain of Chaos'
 10569 | Lair:5   | Reached skill level 1 in Evocations
 10582 | Lair:5   | XOM: polymorph yak -> raiju
 10586 | Lair:5   | XOM: smoke on damage
 10600 | Lair:5   | XOM: divination: magic mapping
 10622 | Lair:5   | XOM: enchant monster (good)
 10627 | Lair:5   | XOM: silly message
 10774 | Lair:5   | XOM: potion effect (brilliance)
 10949 | Lair:5   | XOM: enchant monster (good)
 10999 | Lair:5   | XOM: enchant monster (good)
 11012 | Lair:5   | Gained mutation: You regenerate health from kills. [demonic
                  | ancestry]
 11012 | Lair:5   | Reached XP level 14. HP: 108/118 MP: 14/14
 11056 | Lair:5   | XOM: scenery: summon butterflies
 11323 | Lair:1   | XOM: divination: detect creatures
 11455 | D:9      | XOM: give mutations
 11455 | D:9      | Gained mutation: You have a pair of antennae on your head.
                  | [Xom's grace]
 11455 | D:9      | Gained mutation: Your muscles are strong. (Str +4, Int/Dex
                  | -1) [Xom's grace]
 11455 | D:9      | Gained mutation: You have large cloven feet. [Xom's grace]
 11458 | D:10     | Entered Level 10 of the Dungeon
 11605 | D:10     | Found a shimmering altar of Xom.
 11605 | D:10     | Noticed an angel
 11646 | D:10     | Noticed Snorg
 11651 | D:10     | Killed Snorg
 11662 | D:10     | Acquired 1040 gold pieces
 11798 | D:10     | XOM: summons 2 friendly demons
 11818 | D:10     | XOM: fog
 12134 | D:11     | Identified the +0 quarterstaff of the Vulture {vamp, rF+
                  | rN+ Int+2 Dex-4}
 12790 | D:12     | Found a staircase to the Orcish Mines.
 12858 | D:12     | Found Kepsidd's Weapon Boutique.
 12858 | D:12     | XOM: noise
 13040 | D:12     | XOM: 2-stop teleportation journey
 13149 | D:12     | XOM: god gift: scroll of blinking
 13215 | D:12     | XOM: 1-stop teleportation journey
 13391 | D:13     | XOM: cast spell 'Summon Mana Viper'
 13431 | D:13     | Noticed Sonja
 13435 | D:13     | Killed Sonja
 13761 | D:13     | XOM: scenery: summon butterflies
 13801 | D:13     | XOM: polymorph four-headed hydra -> shapeshifter
 13860 | D:14     | Noticed Frances
 13863 | D:14     | XOM: summons 3 friendly demons
 13873 | D:14     | Killed Frances
 14041 | D:14     | XOM: smoke on damage
 14047 | D:14     | XOM: stat loss: -1 Str (26/27)
 14140 | D:14     | XOM: scenery: create altars
 14181 | D:14     | XOM: scenery: summon butterflies
 14232 | D:14     | Found a gate to the Vaults.
 14380 | D:15     | Entered Level 15 of the Dungeon
 14387 | Abyss:3  | Cast into level 3 of the Abyss (a wizard)
 14426 | Abyss:3  | Noticed a tentacled starspawn
 14458 | Abyss:3  | Killed a tentacled starspawn
 14459 | Abyss:3  | Noticed a tentacled starspawn
 14464 | Abyss:3  | XOM: scenery: summon butterflies
 14465 | Abyss:3  | XOM: potion effect (might)
 14473 | Abyss:3  | Killed a tentacled starspawn
 14485 | Abyss:3  | Noticed a deep elf elementalist
 14504 | Abyss:3  | Noticed an emperor scorpion
 14504 | Abyss:3  | a deep elf elementalist changed into an emperor scorpion
 14504 | Abyss:3  | XOM: polymorph deep elf elementalist -> emperor scorpion
 14504 | Abyss:3  | Noticed a bone dragon
 14505 | Abyss:3  | XOM: fog
 14507 | Abyss:3  | XOM: scenery: summon butterflies
 14585 | Abyss:3  | Noticed a profane servitor
 14603 | Abyss:3  | Killed an emperor scorpion
 14611 | Abyss:3  | Slain by a profane servitor

Illustrated notes

## #.. ## .....
+..#..### ... .....
##...##.# ...# #.....
.#..###'###..# #....
...#.......#..#
#...###..###.....###..
+..#..##.##...##.##.
#..!###'###.###'###
#.@................
..........######.#.####.
.##...#..## #...# #.
#........ ...### #.
##.$.#..## ##### #.
........# #. .######.##
#. #.# #. #.


Turn 6561 on D:8: Eat my own dump.

Levels and vault maps discovered:
D:1:      dpeg_arrival_rooms_with_view, layout_basic,
          chequers_serial_rivers_micro_c, minivault_25
D:2:      minmay_angry_zag, layout_rooms, basic_altar, lightli_corner_chamber
D:3:      layout_loops_ring, shapermc_ecumenical_altar_mp_vishouse
D:4:      layout_loops_cross, gammafunk_temple_overflow_pools, uniq_edmund
D:5:      layout_basic, serial_shops, shop, shop, shop, shop, shop,
          gup_sewer_entry_pipe, st_stairs_13
D:6:      layout_basic, general_overflow_altar,
          mainiacjoe_overflow_small_starburst, uniq_blork_the_orc
D:7:      layout_basic, mainiacjoe_overflow_24_doors, temple_pool_b,
          kennysheep_generic_room_7
D:8:      kennysheep_windowed_halls, layout_loops_corners,
          nicolae_ossuary_entry_giza, minmay_puff
D:9:      layout_basic, makhleb_altar_promises_db, nicolae_tso_carved_into_rock,
          lair_entry_dummy, special_room [special_room_bee]
D:10:     layout_rooms, grunt_temple_overflow_order_and_chaos_1, uniq_snorg
D:11:     minmay_skewed_foursquare, layout_loops_corners
D:12:     layout_stronghold, orc_0_dummy, serial_shops,
          nicolae_shop_bloodbath_and_beyond
D:13:     layout_basic, drop_trap, uniq_josephine, uniq_sonja
D:14:     layout_basic, ximxim_vaults_locker_room,
          chequers_serial_rivers_room_b, uniq_frances
D:15:     grunt_enter_depths_snipers, layout_basic, serial_bayou_ford_a,
          gauntlet_entry_generic, uniq_nessos
Temple:   oiseaux_autumnal_temple
Lair:1:   layout_roguey, enter_volcano_1, kennysheep_abandoned_house
Lair:2:   layout_hall_layers, infiniplex_staircase_pool_2, grunt_megastairs_3,
          serial_bayou_shore_b
Lair:3:   layout_small_grid, swamp_mist, minmay_snake_entry_six_corridors,
          serial_rivers, chequers_serial_rivers_small_a,
          chequers_serial_rivers_micro_a, chequers_serial_rivers_micro_a,
          chequers_serial_rivers_marsh, chequers_serial_rivers_micro_e,
          chequers_serial_rivers_micro_e, grunt_forest_large_clearing_hut,
          uniq_gastronok, uniq_fannar
Lair:4:   layout_big_grid, dpeg_slime_entry_corner,
          grunt_forest_small_clearing_treed
Lair:5:   evilmike_catoblepas_cave, layout_regular_city,
          chequers_serial_rivers_room_a, wad_woods_road_03,
          serial_bayou_crossing
Abyss:3:  base: Gauntlet, base: D:5, hangedman_abyss_or_decor_slice

Skill      XL: |  1  2  3  4  5  6  7  8  9 10 11 12 13 14 |
---------------+-------------------------------------------+-----
Armour         | 3 4 5 6 7 8 9 11 12 14 | 14.0
Shields        | 3 |  3.4
Axes           | 1 2 3 |  3.7
Stealth        | 1 |  1.0
Maces & Flails | 2 4 6 8 10 11 12 14 | 14.8
Fighting       | 4 5 7 9 10 12 13 14 | 14.7
Evocations     | 1 |  1.3
Polearms       | |  1.8
Throwing       | |  0.1

Action                   |  1- 3 |  4- 6 |  7- 9 | 10-12 | 13-15 || total
-------------------------+-------+-------+-------+-------+-------++-------
Melee: Trident           |    85 |     9 |       |       |       ||    94
       War axe           |       |    90 |       |       |       ||    90
       Dire flail        |       |    14 |   315 |   450 |   533 ||  1312
       Kick              |       |       |    55 |    62 |    49 ||   166
       Headbutt          |       |       |    13 |       |       ||    13
Throw: Dart              |       |       |     3 |       |       ||     3
       Stone             |       |       |     1 |       |       ||     1
Evoke: Wand              |       |       |       |     2 |     9 ||    11
  Use: Scroll            |     5 |     7 |    20 |     6 |    14 ||    52
       Potion            |     3 |     7 |     4 |     9 |     9 ||    32
 Stab: Sleeping          |       |       |     1 |       |       ||     1
       Confused          |       |       |       |     1 |     3 ||     4
       Invisible         |       |       |       |     1 |       ||     1
       Petrified         |       |       |       |       |     2 ||     2
Armor: Scale mail        |    59 |    65 |     1 |       |       ||   125
       Skin              |       |     2 |       |       |       ||     2
       Plate armour      |       |       |   250 |   383 |   397 ||  1030
Dodge: Dodged            |    39 |    46 |   187 |   309 |   219 ||   800
Block: Buckler           |    25 |    25 |       |       |       ||    50
